 Dungeon Crawl Stone Soup version 0.26-a0-631-ged93497179 (webtiles) character file.

Game seed: 11955835254555782252

177 DogServant the Chucker (level 5, 35/55 HPs)
             Began as an Ogre Hunter on Sept 12, 2020.
             Quit the game on level 3 of the Dungeon.
             The game lasted 00:06:51 (2978 turns).

DogServant the Chucker (Ogre Hunter)                Turns: 2978, Time: 00:06:51

Health: 35/55      AC:  3    Str: 15 (17) XL:     5   Next: 57%
Magic:  5/5        EV:  9    Int: 10 (12) God:
Gold:   171        SH:  0    Dex:  6 (9)  Spells: 4/4 levels left

rFire    . . .     SeeInvis .   p - +0 dagger (venom)
rCold    . . .     Faith    .   (no shield)
rNeg     . . .     Spirit   .   b - +0 robe
rPois    .         Reflect  .   (helmet restricted)
rElec    .         Harm     .   (no cloak)
rCorr    .         Rampage  .   (gloves unavailable)
MR       .....                  (boots unavailable)
Stlth    +.........             (no amulet)
HPRegen  0.18/turn              (no ring)
MPRegen  0.09/turn              (no ring)

@: brilliant, flying, hasted, very quick
A: large, unfitting armour, tough skin 1
a: no special abilities


You were on level 3 of the Dungeon.
You visited 1 branch of the dungeon, and saw 4 of its levels.

You collected 171 gold pieces.

Inventory:

Hand Weapons
 p - a +0 dagger of venom (weapon)
Missiles
 q - 5 poisoned darts (quivered)
Armour
 b - a +0 robe (worn)
Jewellery
 e - an uncursed ring of magical power {unknown}
 m - a +4 ring of slaying {unknown}
Scrolls
 f - 3 scrolls of identify {unknown}
 h - a scroll of enchant armour {unknown}
 o - a scroll of random uselessness {unknown}
 r - a scroll of fog {unknown}
Potions
 a - a potion of brilliance


   Skills:
 + Level 4.5 Fighting
 * Level 6.0 Throwing
 - Level 1.8 Dodging
 - Level 0.6 Stealth


You had 4 spell levels left.
You didn't know any spells.
Your spell library was empty.

Dungeon Overview and Level Annotations

Branches:
Dungeon (4/15)
 Temple: D:4-7

Altars:


Innate Abilities, Weirdness & Mutations

You are too large for most types of armour.
You have tough skin. (AC +1)


Message History

The scorpion misses you.
Okay, then.
It was a potion of flight.
You feel very buoyant.
You fly up into the air.
The scorpion stings you.
* * * LOW HITPOINT WARNING * * *
You are poisoned.
The scorpion poisons you!
It was a potion of haste.
You feel yourself speed up.
You feel sick. The scorpion stings you.
* * * LOW HITPOINT WARNING * * *
It was a potion of heal wounds.
You feel much better. The scorpion closely misses you.
It was a potion of degeneration.
There was something very wrong with that liquid.
You feel weakened.
You feel dopey.
You feel clumsy.
You feel sick.
The scorpion stings you but does no damage.
It was a potion of curing.
You feel better.
Are you sure you want to abandon this character and quit the game? (Confirm with "yes".)

#.......##.##.......#
#
#..(....##.##.......#
#
#........#.##.......#
#
#........#.##.......#
#
#........#.##.......#
#
#........#.##.......#
#
#.....†....##########
# #.......#s.# #
#.......#.@# #
#.......#### #
#.......# # #########


You could see a scorpion.

Vanquished Creatures
  An ogre (D:4)
  2 adders
  2 worms
  3 dart slugs
  3 giant cockroaches
  10 goblins
  6 hobgoblins
  5 jackals
  10 kobolds
  2 quokkas
  8 bats
  10 rats
62 creatures vanquished.

Notes
Turn   | Place    | Note
-------+----------+-------------------------------------------
     0 | D:1      | DogServant the Ogre Hunter began the quest for the Orb.
     0 | D:1      | Reached XP level 1. HP: 22/22 MP: 1/1
   251 | D:1      | Reached XP level 2. HP: 29/29 MP: 2/2
   689 | D:1      | Reached XP level 3. HP: 33/37 MP: 3/3
  1578 | D:2      | Reached skill level 5 in Throwing
  1807 | D:2      | Reached XP level 4. HP: 41/45 MP: 4/4
  2946 | D:4      | Noticed an ogre
  2949 | D:4      | Noticed an ogre
  2952 | D:4      | Killed an ogre
  2952 | D:4      | Reached skill level 6 in Throwing
  2952 | D:4      | Reached XP level 5. HP: 55/55 MP: 5/5
  2978 | D:3      | Quit the game

Illustrated notes

Levels and vault maps discovered:
D:1:      lightli_arrival_windingriver, layout_loops_corners, minmay_hedge_maze
D:2:      layout_basic
D:3:      layout_basic, minmay_unequal
D:4:      layout_rooms

Skill      XL: |  1  2  3  4 |
---------------+-------------+-----
Fighting       | 3 4 |  4.5
Throwing       | 5 6 |  6.0
Dodging        | |  1.8
Stealth        | |  0.6

Action                   |  1- 3 |  4- 6 || total
-------------------------+-------+-------++-------
Melee: Short sword       |    87 |    14 ||   101
       Dagger            |       |    49 ||    49
Throw: Large rock        |    23 |    16 ||    39
       Throwing net      |       |     2 ||     2
       Dart              |       |     6 ||     6
  Use: Scroll            |     3 |       ||     3
       Potion            |       |     6 ||     6
 Stab: Sleeping          |     1 |       ||     1
       Invisible         |       |     1 ||     1
Armor: Robe              |    46 |    22 ||    68
Dodge: Dodged            |    64 |    59 ||   123

Table legend: (Time is in decaauts)
 A = Elapsed time spent in this place.
 B = Non-inter-level travel time spent in this place.
 C = Inter-level travel time spent in this place.
 D = Time resting spent in this place.
 E = Time spent auto-exploring this place.
 F = Levels seen in this place.
 G = Mean time per level.
                   A        B        C        D        E       F      G
               +--------+--------+--------+--------+--------+-----+--------+
         Total |   3011 |   2947 |     64 |    197 |   2197 |   4 |  752.8 |
       Dungeon |   3011 |   2947 |     64 |    197 |   2197 |   4 |  752.8 |
               +--------+--------+--------+--------+--------+-----+--------+

Top non-repeatable levels by time:
     D:1: 1137 daAuts
     D:2: 1072 daAuts
     D:3: 768 daAuts
     D:4: 32 daAuts
